[Event "Titled Tuesday Blitz January 03 Early 2023"]
[White "Bryakin, Mikhail"]
[Black "Gonzalez, Francisco Silva"]
[WhiteFideId "4165314"]
[BlackFideId "1512285"]
[WhiteElo "2455"]
[BlackElo "2021"]
[Result "1-0"]
[Round "01"]
[TimeControl "180+2"]
[Date "2023.01.03"]
[WhiteClock "0:00:23"]
[BlackClock "0:01:34"]

1. e4 e5 2. d4 exd4 3. Qxd4 Nc6 4. Qd3 Nf6 5. Nc3 Bb4 6. Ne2 O-O 7. Bg5 h6 8. Bh4 Ne5 9. Qg3 Ng6 10. Bxf6 Qxf6 11. O-O-O c6 12. a3 Bc5 13. f4 d6 14. Qf3 Nh4 15. Qg3 Re8 16. h3 b5 17. e5 dxe5 18. Ne4 Qe7 19. Nxc5 Nf5 20. Qc3 a5 21. g4 b4 22. Qb3 Qxc5 23. gxf5 Bxf5 24. fxe5 Rxe5 25. Nd4 Be4 26. Rh2 Bd5 27. Qg3 Rg5 28. Qe3 bxa3 29. Qxa3 Qb6 30. Rhd2 Re8 31. Bd3 c5 32. Nf5 c4 33. Nd6 Re4 34. Bxe4 c3 35. Qxc3 Be6 36. Nc4 Bxc4 37. Qxc4 g6 38. Rd8+ Kg7 39. Qc3+ Re5 40. Qxe5+ 1-0


[Site "https://www.chess.com"]

[Event "Titled Tuesday Blitz January 03 Early 2023"]
[White "Melaugh, Shane"]
[Black "Lashkin, Jegor"]
[WhiteFideId "2509580"]
[BlackFideId "13907808"]
[WhiteElo "2115"]
[BlackElo "2416"]
[Result "1/2-1/2"]
[Round "01"]
[TimeControl "180+2"]
[Date "2023.01.03"]
[WhiteClock "0:00:06"]
[BlackClock "0:00:05"]

1. c4 e5 2. Nc3 Nf6 3. Nf3 Nc6 4. e4 Bc5 5. Nxe5 Nxe5 6. d4 Bb4 7. dxe5 Nxe4 8. Qf3 Nxc3 9. bxc3 Ba5 10. Be2 O-O 11. Bf4 d6 12. Rd1 Re8 13. exd6 cxd6 14. Rxd6 Qe7 15. Rd2 Qf6 16. O-O Bxc3 17. Rd3 Be5 18. Bxe5 Rxe5 19. Qxf6 gxf6 20. Rd8+ Kg7 21. Bf3 Rc5 22. Bd5 a5 23. Re1 Ra6 24. Re7 Be6 25. g3 b5 26. cxb5 Rxb5 27. Bxe6 Rxe6 28. Ra7 f5 29. Rdd7 Rf6 30. Kg2 f4 31. g4 f3+ 32. Kg3 h5 33. h3 Kg6 34. a4 Rc5 35. Rd4 hxg4 36. hxg4 Rc1 37. Rf4 Rxf4 38. Kxf4 Rc4+ 39. Kxf3 Rxa4 40. Rb7 f6 41. Rb5 Ra3+ 42. Kf4 Ra4+ 43. Kg3 Ra3+ 44. f3 a4 45. Ra5 Ra1 46. f4 a3 47. Ra4 Kf7 48. Kg2 Ke6 49. Ra5 Kd6 50. Kh2 Kc7 51. Kg2 Kb6 52. Ra8 Kb7 53. Ra4 Kc6 54. g5 fxg5 55. fxg5 Kd6 56. Ra5 Ke6 57. Kh2 Kf7 58. Kg3 Kg6 59. Kg2 Kh5 60. Kh2 Ra2+ 61. Kg3 Kg6 62. Kg4 Ra1 63. Ra6+ Kg7 64. Kh3 a2 65. Kg2 Kh7 66. Kh2 Kg8 67. g6 Kg7 68. Kg2 Kh6 69. Kh2 Kg7 70. Kg2 Kf8 71. Ra7 Kg8 72. Kh2 Kh8 73. Kg2 Kg8 74. g7 Kh7 75. Kh2 Kg8 76. Kg2 Kh7 77. Kh2 Rb1 78. Rxa2 Kxg7 79. Rg2+ Kh6 80. Kg3 Kg5 81. Rf2 Rb3+ 82. Rf3 Rxf3+ 83. Kxf3 1/2-1/2


[Site "https://www.chess.com"]

[Event "Titled Tuesday Blitz January 03 Early 2023"]
[White "Murzin, Volodar"]
[Black "Rodrigues, Bruno Morado"]
[WhiteFideId "44155573"]
[BlackFideId "2115654"]
[WhiteElo "2604"]
[BlackElo "2033"]
[Result "0-1"]
[Round "01"]
[TimeControl "180+2"]
[Date "2023.01.03"]
[WhiteClock "0:00:29"]
[BlackClock "0:00:51"]

1. e4 c5 2. Nf3 Nc6 3. Bb5 e6 4. O-O Nge7 5. Re1 a6 6. Bf1 d5 7. d3 dxe4 8. dxe4 Qxd1 9. Rxd1 Ng6 10. a4 Be7 11. Na3 Bf6 12. Nc4 O-O 13. c3 Rb8 14. Nb6 Bd8 15. Nxc8 Rxc8 16. Be3 Nce5 17. Nxe5 Nxe5 18. h3 g5 19. g3 Bf6 20. f4 gxf4 21. gxf4 Ng6 22. e5 Bh4 23. Rd7 b5 24. axb5 axb5 25. Bxb5 Bg3 26. Rf1 Rb8 27. c4 Rfd8 28. Rxd8+ Rxd8 29. Kg2 Rd3 30. Kxg3 Rxe3+ 31. Rf3 Re2 32. b3 Ne7 33. Rd3 Nf5+ 34. Kf3 Rb2 35. Ba4 Rh2 36. Rd8+ Kg7 37. Rc8 Rxh3+ 38. Kg2 Rg3+ 39. Kh2 h5 40. Rxc5 h4 0-1


[Site "https://www.chess.com"]

[Event "Titled Tuesday Blitz January 03 Early 2023"]
[White "Le Ruyet, Leopold"]
[Black "Galchenko, Matvey"]
[WhiteFideId "645923"]
[BlackFideId "24175480"]
[WhiteElo "2245"]
[BlackElo "2438"]
[Result "0-1"]
[Round "01"]
[TimeControl "180+2"]
[Date "2023.01.03"]
[WhiteClock "0:00:21"]
[BlackClock "0:00:20"]

1. e4 e6 2. d4 d5 3. e5 c5 4. c3 Qb6 5. Nf3 Nc6 6. Bd3 cxd4 7. O-O Bd7 8. Nbd2 dxc3 9. bxc3 Na5 10. Rb1 Qc7 11. Nb3 Nxb3 12. Qxb3 b6 13. Bf4 Ne7 14. Nd4 Ng6 15. Nb5 Qc5 16. Be3 Qc6 17. f4 Bc5 18. Nd4 Qc7 19. f5 Nxe5 20. fxe6 fxe6 21. Bb5 Bxb5 22. Qxb5+ Qd7 23. Qe2 Nf7 24. c4 O-O 25. cxd5 Qxd5 26. Rbd1 Qe5 27. Nc2 Nd6 28. Rfe1 Nf5 29. Bxc5 Qxc5+ 30. Kh1 Rf6 31. Qg4 Qxc2 32. Rd7 Raf8 33. h3 Rg6 34. Qf3 Ng3+ 0-1


[Site "https://www.chess.com"]

[Event "Titled Tuesday Blitz January 03 Early 2023"]
[White "Kopylov, Alexander A."]
[Black "Krienke, Makaio"]
[WhiteFideId "4164857"]
[BlackFideId "2038854"]
[WhiteElo "2397"]
[BlackElo "2115"]
[Result "1-0"]
[Round "01"]
[TimeControl "180+2"]
[Date "2023.01.03"]
[WhiteClock "0:01:54"]
[BlackClock "0:00:44"]

1. e4 e5 2. Nf3 Nc6 3. Nc3 Bc5 4. Nxe5 Nxe5 5. d4 Bd6 6. dxe5 Bxe5 7. Bd3 Nf6 8. O-O O-O 9. Ne2 c6 10. f4 Bc7 11. e5 Nd5 12. Ng3 d6 13. Qh5 g6 14. Qh6 dxe5 15. f5 Nf4 16. Be3 Bb6 17. Rae1 Bxe3+ 18. Rxe3 Qb6 19. f6 Ne6 20. Nf5 gxf5 21. Bxf5 Qxe3+ 22. Qxe3 Nf4 23. Rxf4 exf4 24. Qxf4 Kh8 25. Qh6 1-0


[Site "https://www.chess.com"]

[Event "Titled Tuesday Blitz January 03 Early 2023"]
[White "Manukyan, Sargis A."]
[Black "Nigmatov, Ortik"]
[WhiteFideId "13303970"]
[BlackFideId "14202131"]
[WhiteElo "2158"]
[BlackElo "2438"]
[Result "0-1"]
[Round "01"]
[TimeControl "180+2"]
[Date "2023.01.03"]
[WhiteClock "0:00:03"]
[BlackClock "0:01:03"]

1. d4 d6 2. Nf3 Nf6 3. c4 Nc6 4. Nc3 Bf5 5. Qb3 Qc8 6. Bf4 g6 7. e3 Bg7 8. Be2 O-O 9. h3 h6 10. O-O Ne4 11. Nxe4 Bxe4 12. Rfd1 a5 13. Rac1 a4 14. Qa3 Re8 15. d5 Bxf3 16. Bxf3 Ne5 17. Be2 b6 18. Qb4 Nd7 19. Qd2 Nc5 20. Rb1 Qd7 21. Bf3 Ra5 22. b4 axb3 23. axb3 Ra3 24. b4 Na4 25. Rbc1 Nb2 26. Rf1 Nd3 27. Rc2 Rea8 28. Be2 Nxf4 29. exf4 h5 30. c5 bxc5 31. bxc5 Qf5 32. Re1 Bf6 33. Bf3 R8a4 34. cxd6 cxd6 35. Qc1 Rxf3 36. gxf3 Rxf4 37. Re3 Qxh3 38. Rc8+ Kg7 39. Ra8 Rh4 0-1


[Site "https://www.chess.com"]

[Event "Titled Tuesday Blitz January 03 Early 2023"]
[White "Donchenko, Alexander"]
[Black "Vysochin, Spartak"]
[WhiteFideId "24603295"]
[BlackFideId "14103516"]
[WhiteElo "2669"]
[BlackElo "2512"]
[Result "1-0"]
[Round "01"]
[TimeControl "180+2"]
[Date "2023.01.03"]
[WhiteClock "0:01:43"]
[BlackClock "0:00:58"]

1. Nf3 d5 2. d4 Nf6 3. Bf4 c5 4. e3 Nc6 5. Nbd2 Bg4 6. c3 e6 7. h3 Bh5 8. Qa4 Nd7 9. Bb5 Qb6 10. Ne5 Ndxe5 11. Bxe5 a6 12. Bxc6+ Qxc6 13. Qxc6+ bxc6 14. Nb3 f6 15. Bh2 c4 16. Na5 Kd7 17. b3 cxb3 18. axb3 c5 19. Kd2 Be7 20. Nb7 cxd4 21. exd4 Rhc8 22. Ra5 Ra7 23. Nc5+ Bxc5 24. dxc5 e5 25. Rha1 Rc6 26. b4 g5 27. b5 Rxc5 28. b6 Rxa5 29. bxa7 Rxa1 30. a8=Q Ra2+ 31. Kc1 Bf7 32. Kb1 Rd2 33. Qxa6 Bg6+ 34. Kc1 Rc2+ 35. Kd1 Rxc3 36. Qxf6 Rd3+ 37. Ke2 1-0


[Site "https://www.chess.com"]

[Event "Titled Tuesday Blitz January 03 Early 2023"]
[White "Moreno Perez, Tobias Sebastian"]
[Black "Santos Ruiz, Miguel"]
[WhiteFideId "186716"]
[BlackFideId "22291482"]
[WhiteElo "2256"]
[BlackElo "2590"]
[Result "1-0"]
[Round "01"]
[TimeControl "180+2"]
[Date "2023.01.03"]
[WhiteClock "0:00:11"]
[BlackClock "0:00:03"]

1. d4 Nf6 2. Nf3 e6 3. g3 b5 4. Bg2 Bb7 5. O-O Be7 6. c3 O-O 7. Nbd2 c5 8. Re1 d5 9. a4 b4 10. cxb4 cxd4 11. b5 a6 12. bxa6 Nxa6 13. Nxd4 Nb4 14. N2b3 Rc8 15. Rb1 Qd7 16. a5 Ba6 17. Bd2 Rc7 18. Bc3 Rfc8 19. Nf3 Ne4 20. Ne5 Qe8 21. Bxe4 dxe4 22. Qd2 Nd5 23. Rbc1 e3 24. fxe3 Bg5 25. Bd4 f6 26. Nf3 Bh6 27. Rxc7 Rxc7 28. Rc1 Rxc1+ 29. Qxc1 Bxe2 30. Ne1 e5 31. Qc5 Qe6 32. e4 Ne7 33. Bf2 g6 34. Qb6 Qc4 35. Nc5 Bf8 36. a6 Nc8 37. Qb8 Nd6 38. Nd7 Nxe4 39. Qxf8# 1-0


[Site "https://www.chess.com"]

[Event "Titled Tuesday Blitz January 03 Early 2023"]
[White "Madaminov, Mukhiddin"]
[Black "Sadovsky, Artem"]
[WhiteFideId "14210703"]
[BlackFideId "4155840"]
[WhiteElo "2422"]
[BlackElo "2276"]
[Result "1-0"]
[Round "01"]
[TimeControl "180+2"]
[Date "2023.01.03"]
[WhiteClock "0:01:43"]
[BlackClock "0:00:01"]

1. d4 f5 2. Bg5 g6 3. e3 Bg7 4. c4 Nf6 5. Nc3 O-O 6. h4 h6 7. Bxf6 Bxf6 8. g3 d6 9. Bg2 Nc6 10. Nge2 e5 11. Qd2 Bg7 12. O-O-O Qe7 13. Kb1 Kh8 14. Rc1 Qf7 15. Nd5 Be6 16. Rhd1 Rac8 17. Qc2 a6 18. a3 Rfe8 19. Qb3 Na5 20. Qb4 Nxc4 21. Qxc4 c6 22. Nec3 cxd5 23. Qb4 exd4 24. exd4 Rc4 25. Qxd6 Bxd4 26. Nxd5 Rxc1+ 27. Rxc1 Qd7 28. Qf4 Bg7 29. Rc7 Qb5 30. Nf6 Bxf6 31. Qxh6+ Kg8 32. Qxg6+ Kf8 33. Qxf6+ 1-0


[Site "https://www.chess.com"]

[Event "Titled Tuesday Blitz January 03 Early 2023"]
[White "Legenia, Artem"]
[Black "Costachi, Mihnea"]
[WhiteFideId "14136945"]
[BlackFideId "1217518"]
[WhiteElo "2092"]
[BlackElo "2476"]
[Result "0-1"]
[Round "01"]
[TimeControl "180+2"]
[Date "2023.01.03"]
[WhiteClock "0:00:17"]
[BlackClock "0:01:03"]

1. e4 c5 2. Nf3 d6 3. Bb5+ Bd7 4. Bxd7+ Nxd7 5. O-O g6 6. d4 Bg7 7. Nc3 cxd4 8. Nxd4 Ngf6 9. Re1 O-O 10. b3 Qa5 11. Bb2 Rac8 12. Nd5 Nxd5 13. exd5 Qxd5 14. Rxe7 Nc5 15. c4 Qg5 16. Qe2 Be5 17. Rxe5 Qxe5 18. Qxe5 dxe5 19. Nb5 Nd3 20. Ba3 Rfd8 21. Rd1 Nf4 22. Nd6 Rc7 23. g3 Ne2+ 24. Kg2 Nd4 25. Rd3 a6 26. Ne4 Kg7 27. Bb2 f5 28. Nd2 Rcd7 0-1


[Site "https://www.chess.com"]

[Event "Titled Tuesday Blitz January 03 Early 2023"]
[White "Mahdavi, Reza"]
[Black "reevecanada"]
[WhiteFideId "12595926"]
[WhiteElo "2339"]
[BlackElo "2477"]
[Result "1-0"]
[Round "01"]
[TimeControl "180+2"]
[Date "2023.01.03"]
[WhiteClock "0:00:36"]
[BlackClock "0:01:55"]

1. d4 Nf6 2. c4 g6 3. Nc3 d5 4. Nf3 Bg7 5. Qb3 c6 6. e3 O-O 7. Be2 e6 8. O-O a5 9. a4 Na6 10. Bd2 Re8 11. Rac1 Nd7 12. c5 Rb8 13. Na2 e5 14. dxe5 Naxc5 15. Qa3 Ne4 16. Be1 Nxe5 17. b4 axb4 18. Nxb4 Bg4 19. Nd3 Nxf3+ 20. gxf3 Bh3 21. Nf4 Bxf1 22. Bxf1 Ng5 23. Kg2 Ne6 24. Nxe6 Rxe6 25. f4 Qa5 26. Bxa5 Ra8 27. Bc3 Bf8 28. Bb4 Bg7 29. Qb3 Re4 30. Bd3 Ree8 31. Bc3 Bf8 32. Qxb7 Rxa4 33. Qxc6 Raa8 34. Qf6 d4 35. Bxd4 Bg7 36. Qxg7# 1-0


[Site "https://www.chess.com"]

[Event "Titled Tuesday Blitz January 03 Early 2023"]
[White "Zherebtsova, Alexandra"]
[Black "Kravtsiv, Martyn"]
[WhiteFideId "24129518"]
[BlackFideId "14113147"]
[WhiteElo "2155"]
[BlackElo "2598"]
[Result "0-1"]
[Round "01"]
[TimeControl "180+2"]
[Date "2023.01.03"]
[WhiteClock "0:00:02"]
[BlackClock "0:00:17"]

1. d4 d5 2. Nf3 Nf6 3. c4 e6 4. e3 Nbd7 5. b3 Bb4+ 6. Nbd2 b6 7. Bb2 Bb7 8. a3 Be7 9. Bd3 O-O 10. O-O c5 11. cxd5 Nxd5 12. Qe2 Rc8 13. Rac1 h6 14. Bb1 cxd4 15. Nxd4 Rxc1 16. Rxc1 Qa8 17. f3 Rc8 18. Rxc8+ Qxc8 19. Qd3 N5f6 20. b4 Ne5 21. Qc2 Qxc2 22. Bxc2 Nd5 23. Kf2 a5 24. b5 Bc5 25. h3 Bc8 26. f4 Nd7 27. N2b3 Bf8 28. Nc6 Nc5 29. Nbd4 Bd7 30. g3 Nc7 31. a4 Nd5 32. e4 Nb4 33. Nxb4 axb4 34. Ke3 Bc8 35. Ba1 Bb7 36. Nc6 b3 37. Bd1 Nxa4 38. Bxb3 Nc5 39. Bc2 f6 40. Nd8 Bc8 41. Bd4 Bd7 42. Nc6 Kf7 43. Kd2 Bd6 44. Kc3 Be8 45. e5 fxe5 46. fxe5 Bc7 47. Bxc5 bxc5 48. Kc4 Bb6 49. Nb8 Bc7 50. Na6 Bxe5 51. Kxc5 Bxg3 52. b6 Bf2+ 53. Kd6 Bxb6 54. Nc7 Bxc7+ 55. Kxc7 Kf6 56. Kd6 e5 57. Be4 Bf7 58. h4 g5 59. hxg5+ hxg5 60. Bf3 Be6 61. Be4 g4 0-1


[Site "https://www.chess.com"]

[Event "Titled Tuesday Blitz January 03 Early 2023"]
[White "Boruchovsky, Avital"]
[Black "Begunov, Konstantin"]
[WhiteFideId "2800055"]
[BlackFideId "4118510"]
[WhiteElo "2539"]
[BlackElo "2325"]
[Result "1-0"]
[Round "01"]
[TimeControl "180+2"]
[Date "2023.01.03"]
[WhiteClock "0:00:40"]
[BlackClock "0:00:52"]

1. g3 d5 2. d4 c6 3. Bg2 Bg4 4. h3 Bh5 5. Nf3 e6 6. g4 Bg6 7. Ne5 Nd7 8. Nxg6 hxg6 9. Nd2 Ngf6 10. b3 Bb4 11. Bb2 Ne4 12. Bxe4 dxe4 13. c3 Be7 14. Nxe4 Qc7 15. Qd2 e5 16. O-O-O O-O-O 17. Kb1 exd4 18. cxd4 Nf6 19. Ng5 Bd6 20. e3 Rd7 21. Qc2 Qa5 22. f4 Re8 23. Bc1 Ba3 24. Rhe1 Nd5 25. Bxa3 Nc3+ 26. Kb2 Nxd1+ 27. Qxd1 Rxd4 28. Qxd4 Qxe1 29. Nxf7 Qe2+ 30. Kb1 Qe1+ 31. Bc1 Kb8 32. Ne5 g5 33. Qd7 Rc8 34. f5 Qg3 35. Qxg7 Rd8 36. Qe7 Rd1 37. Nd7+ Kc8 38. Qe8+ Kc7 39. Qb8+ 1-0


[Site "https://www.chess.com"]

[Event "Titled Tuesday Blitz January 03 Early 2023"]
[White "Dudzinski, Pawel"]
[Black "Putnam, Liam"]
[WhiteFideId "1117890"]
[BlackFideId "30938279"]
[WhiteElo "2186"]
[BlackElo "2285"]
[Result "0-1"]
[Round "01"]
[TimeControl "180+2"]
[Date "2023.01.03"]
[WhiteClock "0:00:02"]
[BlackClock "0:01:13"]

1. e4 c6 2. d4 d5 3. exd5 cxd5 4. Bd3 Nc6 5. c3 Nf6 6. h3 e5 7. dxe5 Nxe5 8. Nf3 Nxd3+ 9. Qxd3 Bd6 10. O-O O-O 11. Bg5 h6 12. Bxf6 Qxf6 13. Qxd5 Rd8 14. Qh5 b6 15. Nbd2 Bb7 16. Nb3 g6 17. Qg4 Bc8 18. Qh4 g5 19. Qh5 Bf5 20. Nbd4 Be4 21. Rfe1 Re8 22. Re2 Bg6 23. Qxh6 Rxe2 24. Nxe2 Re8 25. Ned4 Bf4 26. g3 Be5 27. Qxg5 Bxd4 28. cxd4 Qxf3 29. Qf4 Qxf4 30. gxf4 Re4 31. Rd1 Rxf4 32. d5 Bf5 33. d6 Bd7 34. Rc1 Rd4 35. Rc7 Rxd6 36. Rxa7 Bxh3 37. Kh2 Be6 38. b4 Rd2 39. a3 Rxf2+ 40. Kg3 Ra2 41. Kf4 Kg7 42. Ke5 Rd2 43. Rb7 Rd5+ 44. Ke4 b5 45. Ra7 Kg6 46. a4 f5+ 47. Ke3 Kf6 48. a5 Ke5 49. a6 f4+ 50. Kf2 Rd2+ 51. Ke1 Ra2 52. Ra8 Bd5 53. Rb8 Rxa6 54. Rxb5 Ra2 55. Kf1 f3 56. Rc5 Kd4 57. Rc2 Rxc2 0-1


[Site "https://www.chess.com"]

[Event "Titled Tuesday Blitz January 03 Early 2023"]
[White "Bacrot, Etienne"]
[Black "Kaplan, Avi Harrison"]
[WhiteFideId "605506"]
[BlackFideId "30934559"]
[WhiteElo "2667"]
[BlackElo "2146"]
[Result "1-0"]
[Round "01"]
[TimeControl "180+2"]
[Date "2023.01.03"]
[WhiteClock "0:00:28"]
[BlackClock "0:00:09"]

1. e4 c5 2. Nf3 d6 3. Bb5+ Nd7 4. O-O a6 5. Bxd7+ Bxd7 6. d4 cxd4 7. Qxd4 e5 8. Qd3 Nf6 9. c4 Be7 10. Nc3 O-O 11. Rd1 Rc8 12. Be3 Qc7 13. Rac1 Rfd8 14. b3 h6 15. h3 Bc6 16. a4 Qb8 17. Nh4 Bf8 18. Nf5 Kh7 19. Bb6 Rd7 20. b4 g6 21. Ne3 Kg7 22. b5 axb5 23. axb5 d5 24. exd5 Qd6 25. dxc6 bxc6 26. Qxd6 Rxd6 27. Rxd6 Bxd6 28. c5 Bf8 29. bxc6 Rxc6 30. Na4 Ne4 31. f3 Nd6 32. Nc4 Nb7 33. Nxe5 Rc8 34. c6 Nd8 35. Bxd8 Rxd8 36. c7 Rc8 37. Nb6 Ba3 38. Nxc8 Bxc1 39. Nd6 Bf4 40. c8=Q Bxe5 41. Qd7 Bxd6 42. Qxd6 h5 43. h4 g5 44. hxg5 h4 45. Qh6+ Kg8 46. g6 fxg6 47. Qxg6+ Kh8 48. Qh6+ Kg8 49. Qxh4 Kg7 50. f4 Kg6 51. g4 Kg7 52. g5 Kg6 53. Qh6+ Kf7 54. g6+ Kf6 55. g7+ Kf7 56. Qh7 Kf6 57. Kg2 1-0


[Site "https://www.chess.com"]

[Event "Titled Tuesday Blitz January 03 Early 2023"]
[White "Ljukin, Sergei"]
[Black "Boros, Denes"]
[WhiteFideId "14102200"]
[BlackFideId "722340"]
[WhiteElo "2362"]
[BlackElo "2406"]
[Result "0-1"]
[Round "01"]
[TimeControl "180+2"]
[Date "2023.01.03"]
[WhiteClock "0:00:04"]
[BlackClock "0:00:07"]

1. e4 g6 2. d4 d5 3. exd5 Qxd5 4. Nc3 Qd6 5. Nf3 Bg7 6. g3 Nh6 7. Bf4 Qd8 8. Qd2 Nf5 9. O-O-O O-O 10. g4 Nd6 11. h3 Nd7 12. Bh6 c6 13. Bxg7 Kxg7 14. h4 Nf6 15. h5 Bxg4 16. hxg6 Bxf3 17. Qh6+ Kg8 18. g7 Bxh1 19. gxf8=Q+ Qxf8 20. Qxh1 Qg7 21. Bd3 Qg5+ 22. Kb1 Kh8 23. Rg1 Qf4 24. Rg2 Rg8 25. Rh2 Rg7 26. Ne2 Qg4 27. c3 Kg8 28. Ng3 Qf4 29. a3 a5 30. Ka2 Qd2 31. Bb1 Kf8 32. f3 Qf4 33. Nh5 Nxh5 34. Rxh5 Ke8 35. Rxh7 Rg8 36. Rh4 Qd2 37. Rh2 Qg5 38. Re2 Qd5+ 39. Ka1 Kd8 40. Qh4 Re8 41. Be4 Qc4 42. Qf2 Rh8 43. Re1 Nb5 44. d5 c5 45. d6 Nxd6 46. Bb1 Qh4 47. Qe2 Re8 48. Rd1 Kc7 49. Ba2 Qf4 50. Qd3 Rd8 51. Qd5 b6 52. Qb3 e6 53. Qc2 Qe5 54. Rg1 Qe3 55. Bb3 Qxg1+ 0-1


[Site "https://www.chess.com"]

[Event "Titled Tuesday Blitz January 03 Early 2023"]
[White "Kilic, Eray"]
[Black "Goncalves, Davi Sulzbacher"]
[WhiteFideId "44517173"]
[BlackFideId "2154510"]
[WhiteElo "2414"]
[BlackElo "2282"]
[Result "1-0"]
[Round "01"]
[TimeControl "180+2"]
[Date "2023.01.03"]
[WhiteClock "0:00:52"]
[BlackClock "0:00:06"]

1. e4 c5 2. Nf3 Nc6 3. Bb5 g6 4. O-O Bg7 5. c3 Nf6 6. e5 Nd5 7. d4 cxd4 8. cxd4 O-O 9. Nc3 Nxc3 10. bxc3 d6 11. exd6 Qxd6 12. Re1 Bf5 13. a4 a6 14. Ba3 Qc7 15. Bf1 Rfe8 16. Rc1 Rad8 17. Qb3 e5 18. Bc5 Rc8 19. Bb6 Qd7 20. d5 Nd8 21. c4 f6 22. c5 Nf7 23. a5 Bf8 24. c6 bxc6 25. Bxa6 cxd5 26. Bxc8 Rxc8 27. Rxc8 Qxc8 28. Qxd5 Bb4 29. Rd1 Bc2 30. Rf1 e4 31. Ne1 Bxe1 32. Rxe1 Bd3 33. Qc5 Qa6 34. Rc1 Kg7 35. h3 h5 36. Qe7 Bc4 37. Bd4 Bd3 38. Rc7 Bc4 39. Qxf6+ Qxf6 40. Bxf6+ Kxf6 41. Rxc4 Nd6 42. Ra4 Nb5 43. a6 Na7 44. Rxe4 g5 45. Rb4 Ke5 46. Rb7 Nc6 47. a7 Nd8 48. Rb8 Nb7 49. a8=Q 1-0


[Site "https://www.chess.com"]

[Event "Titled Tuesday Blitz January 03 Early 2023"]
[White "Gnechko, Ruslan"]
[Black "Bikuzhin, Maksim"]
[WhiteFideId "14135868"]
[BlackFideId "24128015"]
[WhiteElo "2132"]
[BlackElo "2279"]
[Result "1-0"]
[Round "01"]
[TimeControl "180+2"]
[Date "2023.01.03"]
[WhiteClock "0:00:36"]
[BlackClock "0:00:23"]

1. d4 Nf6 2. c4 e6 3. g3 c5 4. Nf3 cxd4 5. Nxd4 a6 6. Bg2 Qc7 7. Nc3 Be7 8. O-O O-O 9. b3 d6 10. Bb2 Bd7 11. Rc1 Re8 12. Qd2 Bf8 13. Rfd1 Nc6 14. Nd5 Qd8 15. Nxf6+ gxf6 16. Nxc6 Bxc6 17. Bxc6 bxc6 18. Qf4 f5 19. c5 d5 20. Qe5 f6 21. Qxf6 Qxf6 22. Bxf6 Kf7 23. Be5 Ra7 24. f3 Rb7 25. e4 Rb5 26. Bd6 Bg7 27. e5 Bh6 28. f4 Ra8 29. Rc3 Rb4 30. a3 Re4 31. Kf2 a5 32. Re3 Ra7 33. Rxe4 fxe4 34. Ke3 Rb7 35. Rb1 Kg6 36. b4 Rb5 37. Bc7 a4 38. Bb6 Kf5 39. h3 Bf8 40. Rf1 h5 41. Rg1 Bh6 42. g4+ Kg6 43. gxh5+ Kxh5 44. Rg4 Bf8 45. Rg8 Bh6 46. Re8 1-0


[Site "https://www.chess.com"]

[Event "Titled Tuesday Blitz January 03 Early 2023"]
[White "Tan, Zhongyi"]
[Black "Dzierzak, Radoslaw"]
[WhiteFideId "8603642"]
[BlackFideId "1161407"]
[WhiteElo "2517"]
[BlackElo "2220"]
[Result "1-0"]
[Round "01"]
[TimeControl "180+2"]
[Date "2023.01.03"]
[WhiteClock "0:00:21"]
[BlackClock "0:00:07"]

1. e4 c6 2. d4 d5 3. Nc3 dxe4 4. Nxe4 Bf5 5. Ng3 Bg6 6. h4 h6 7. h5 Bh7 8. Nf3 Nd7 9. Bd3 Bxd3 10. Qxd3 e6 11. Bd2 Ngf6 12. O-O-O Be7 13. Rhe1 O-O 14. Kb1 c5 15. Bc3 cxd4 16. Bxd4 Bc5 17. c4 Qb6 18. Qb3 Qxb3 19. axb3 a5 20. Re2 Bxd4 21. Nxd4 Nc5 22. Kc2 Rfd8 23. f3 Rd7 24. Red2 Rad8 25. Kc3 e5 26. Ndf5 Rxd2 27. Rxd2 Rxd2 28. Kxd2 Nxb3+ 29. Kc3 Nc5 30. b4 axb4+ 31. Kxb4 Ne6 32. Nd6 Nf4 33. Nxb7 Nxg2 34. c5 Nf4 35. c6 Ne6 36. Kb5 g6 37. hxg6 fxg6 38. Nc5 Nd4+ 39. Kb6 Nxc6 40. Kxc6 e4 41. Ncxe4 Kf7 42. Kd6 h5 43. Ng5+ Kg7 44. Ke5 h4 45. N3e4 Nh5 46. Nh3 Ng3 47. Nxg3 hxg3 48. Kf4 g2 49. Kg3 Kf6 50. Kxg2 Kf5 51. Kg3 g5 52. Nf2 1-0


[Site "https://www.chess.com"]

[Event "Titled Tuesday Blitz January 03 Early 2023"]
[White "Ansh M Shah"]
[Black "Shipov, Sergei"]
[WhiteFideId "25033379"]
[BlackFideId "4113624"]
[WhiteElo "2171"]
[BlackElo "2541"]
[Result "0-1"]
[Round "01"]
[TimeControl "180+2"]
[Date "2023.01.03"]
[WhiteClock "0:00:09"]
[BlackClock "0:00:21"]

1. d4 Nf6 2. c4 c5 3. d5 b5 4. cxb5 a6 5. e3 g6 6. Nc3 Bg7 7. Nf3 O-O 8. a4 Bb7 9. e4 e6 10. dxe6 fxe6 11. Qd6 Nxe4 12. Nxe4 Bxe4 13. Qxc5 Qf6 14. Be2 axb5 15. Qxb5 Nc6 16. O-O Rfb8 17. Qc5 h6 18. Ra3 g5 19. Qd6 Rb7 20. Qg3 d5 21. h4 gxh4 22. Nxh4 Nd4 23. Bd1 Bc2 24. Qg4 Be4 25. Nf3 Rb4 26. Nxd4 Rxd4 27. Be3 Rb4 28. Qe2 Rxb2 29. Qg4 Rb4 30. Qg3 d4 31. Bf4 e5 32. Bd2 Rb2 33. Be1 Rb1 34. Bd2 Bd5 35. Bf3 e4 36. Rxb1 exf3 37. gxf3 Kh7 38. Qg4 Rg8 39. Qf4 Bf8+ 40. Kf1 Qxf4 41. Bxf4 Bc4+ 42. Ke1 Bxa3 43. Rb7+ Rg7 44. Rxg7+ Kxg7 45. Be5+ Kg6 46. Bxd4 Kf5 47. f4 h5 48. Bg7 h4 49. f3 Bc5 50. Bh6 h3 51. Bf8 Bxf8 52. Kf2 Kxf4 53. Kg1 Kg3 54. Kh1 h2 55. a5 Bf1 56. a6 Bg2# 0-1


[Site "https://www.chess.com"]

[Event "Titled Tuesday Blitz January 03 Early 2023"]
[White "Rustemov, Alexander"]
[Black "Pein, Jonathan"]
[WhiteFideId "4119002"]
[BlackFideId "417092"]
[WhiteElo "2525"]
[BlackElo "2265"]
[Result "1-0"]
[Round "01"]
[TimeControl "180+2"]
[Date "2023.01.03"]
[WhiteClock "0:00:17"]
[BlackClock "0:00:03"]

1. d4 d5 2. c4 Nc6 3. Nf3 Bg4 4. cxd5 Bxf3 5. gxf3 Qxd5 6. e3 e5 7. Nc3 Bb4 8. Bd2 Bxc3 9. bxc3 Nge7 10. Rb1 O-O 11. Bg2 Qxa2 12. Rxb7 exd4 13. cxd4 Qa6 14. Rb1 Rfe8 15. Bf1 Qa2 16. Qb3 Qxb3 17. Rxb3 Nf5 18. Kd1 Rab8 19. Rxb8 Rxb8 20. Bd3 Nd6 21. Kc2 a5 22. Ra1 Kf8 23. Bxa5 Ra8 24. Bc3 Nb4+ 25. Kd2 Rxa1 26. Bxa1 Ke7 27. Be2 h5 28. Bc3 Nd5 29. Ba5 Nb6 30. Kd3 Nd5 31. f4 Kd7 32. Bxh5 g6 33. Bf3 Nf6 34. e4 Nfe8 35. d5 Nb7 36. Bb4 c6 37. dxc6+ Kxc6 38. h4 Kd7 39. h5 gxh5 40. Bxh5 Nd8 41. f5 Nf6 42. Bf3 Nc6 43. Bc3 Ne8 44. e5 Nc7 45. Ke3 Nb5 46. Bb2 Nc7 47. Kf4 Ne7 48. Be4 Ncd5+ 49. Kf3 Nc7 50. Bd4 Nc6 51. Bc3 Ne7 52. Kg4 Ned5 53. Bd4 Ne7 54. f4 Nc6 55. Bc3 Ne7 56. f6 Ned5 57. Bd4 Ke6 58. Bf5# 1-0


[Site "https://www.chess.com"]

[Event "Titled Tuesday Blitz January 03 Early 2023"]
[White "Avazkhonov, Alikhon"]
[Black "Yuan, Qingyu"]
[WhiteFideId "14208504"]
[BlackFideId "8609772"]
[WhiteElo "1538"]
[BlackElo "2373"]
[Result "0-1"]
[Round "01"]
[TimeControl "180+2"]
[Date "2023.01.03"]
[WhiteClock "0:00:02"]
[BlackClock "0:00:14"]

1. d4 d5 2. c4 e6 3. Nc3 Be7 4. Nf3 Nf6 5. cxd5 exd5 6. Bg5 c6 7. Qc2 g6 8. e3 Bf5 9. Bd3 Bxd3 10. Qxd3 Nbd7 11. O-O-O Ng4 12. Bxe7 Qxe7 13. Qe2 O-O 14. h3 Ngf6 15. h4 h5 16. Ng5 b5 17. Kb1 Nb6 18. Qd3 Ng4 19. Rdf1 b4 20. Ne2 Nc4 21. Nf4 Nf6 22. b3 Nd6 23. f3 Nf5 24. Re1 Rfe8 25. e4 Ng3 26. exd5 Qxe1+ 27. Rxe1 Rxe1+ 28. Kb2 cxd5 29. Nxg6 Rae8 30. Ne5 Re2+ 31. Kb1 Re1+ 32. Kc2 Rc8+ 33. Kd2 Rcc1 34. Qa6 Nf1+ 35. Kd3 Re3# 0-1


[Site "https://www.chess.com"]